 Dungeon Crawl Stone Soup version 0.30.0 (webtiles) character file.

Game seed: 10407288078172026590

220 porkupine the Stinger (level 5, -17/42 (44) HPs)
             Began as a Naga Venom Mage on May 11, 2023.
             Was a Follower of Makhleb.
             Demolished by Blork the orc
             ... wielding a +0 glaive
              (20 damage)
             ... on level 4 of the Dungeon.
             The game lasted 00:11:25 (2928 turns).

porkupine the Stinger (Naga Venom Mage)             Turns: 2928, Time: 00:11:25

HP:   -17/42 (44)   AC:  2    Str: 10    XL:     5   Next: 97%
MP:   8/9           EV: 10    Int: 18    God:    Makhleb [*.....]
Gold: 141           SH:  0    Dex: 11    Spells: 1/9 levels left

rFire   . . .        b - +2 flail (venom)
rCold   . . .        (no shield)
rNeg    . . .        j - +0 robe
rPois   +            (no helmet)
rElec   .            (no cloak)
rCorr   .            (no gloves)
SInv    +            (no barding)
Will    .....        (no amulet)
Stlth   ++           (no ring)
HPRegen 0.27/turn    (no ring)
MPRegen 0.11/turn

%: no passive effects
@: lightly drained, very slow
A: AC +1, large, see invisible, deformed body, poison resistance, slowness 2,
spit poison 1, naga tail 1
a: Spit Poison, Renounce Religion


You were on level 4 of the Dungeon.
You worshipped Makhleb.
Makhleb was aware of your devotion.
You visited 1 branch of the dungeon, and saw 4 of its levels.

You collected 141 gold pieces.

Inventory:

Hand Weapons
 a - a +0 sling
 b - a +2 flail of venom (weapon)
 c - a +1 morningstar
Missiles
 i - 4 boomerangs
Armour
 j - a +0 robe (worn)
Magical Staves
 g - a staff of earth
Wands
 r - a wand of flame (6)
Scrolls
 k - a scroll of magic mapping
 p - a scroll of teleportation
 q - a scroll of summoning
 s - 3 scrolls of enchant weapon
Potions
 e - a potion of magic
 f - a potion of might {unknown}
 h - 2 potions of ambrosia {unknown}
 l - a potion of lignification {unknown}
 m - 3 potions of mutation {unknown}
 n - 4 potions of curing {unknown}
 t - 2 potions of brilliance {unknown}


   Skills:
 + Level 1.2 Fighting
 + Level 1.1 Maces & Flails
 + Level 0.9 Ranged Weapons
 + Level 2.4 Dodging
 - Level 3.0 Stealth
 + Level 2.9 Spellcasting
 * Level 1.7 Conjurations
 - Level 1.0 Transmutations
 * Level 1.6 Air Magic
 + Level 5.1 Poison Magic


You had one spell level left.
You knew the following spells:

 Your Spells              Type           Power      Damage    Failure   Level
a - Sting                 Tmut/Pois      52%        1d5       4%          1
b - Poisonous Vapours     Pois/Air       28%        N/A       6%          2
c - Static Discharge      Conj/Air       16%        2-3/arc   12%         2
d - Mephitic Cloud        Conj/Pois/Air  12%        N/A       16%         3

Your spell library contained the following spells:

 Spells                   Type           Power      Damage    Failure   Level
 Olgreb's Toxic Radiance  Pois           21%        N/A       21%         4
 Airstrike                Air            4%         2d(1-17)  63%         4
 Summon Lightning Spire   Summ/Air       5%         N/A       75%         4


Dungeon Overview and Level Annotations

Branches:
Dungeon (4/15)
 Temple: D:4-7

Altars:
Makhleb

Annotations:
D:4 Blork the orc


Innate Abilities, Weirdness & Mutations

Your serpentine skin is tough. (AC +1)
You have supernaturally acute eyesight. (SInv)
Armour fits poorly on your strangely shaped body.
Your system is resistant to poisons. (rPois)
You cover ground very slowly.
You can spit poison.
You have a snake-like lower body.


Message History

The grasping roots constrict you.
You escape the roots grasp.
Blork the orc zaps a wand.
The roots erupt in riotous growth!
The grasping roots grab you! The grasping roots constrict you.
Your +2 flail of venom begins to drip with poison!
b - a +2 flail of venom (weapon)
You escape the roots grasp.
You have got your breath back.
Blork the orc casts a spell.
Blork the orc seems to speed up.
Blork the orc looks encouraged for a moment.
Blork the orc gestures at you while chanting.
The magic dart hits you.
Blork the orc zaps a wand.
The roots erupt in riotous growth!
The grasping roots grab you!
Blork the orc is unaffected.
The grasping roots constrict you.
You closely miss Blork the orc.
Blork the orc is heavily wounded.
Blork the orc looks encouraged for a moment.
The grasping roots constrict you.
Blork the orc points at you and mumbles some strange words.
The magic dart hits you!
* * * LOW HITPOINT WARNING * * *
The grasping roots constrict you.
* * * LOW HITPOINT WARNING * * *
Unknown command.
You feel much better.
Blork the orc looks more healthy.
Blork the orc hits you with a +0 glaive!
* * * LOW HITPOINT WARNING * * *
The grasping roots constrict you.
* * * LOW HITPOINT WARNING * * *
The grasping roots release their grip on you.
You feel much better.
Blork the orc hits you with a +0 glaive! x2
* * * LOW HITPOINT WARNING * * *
You sock Blork the orc!
Blork the orc is poisoned.
Blork the orc is severely wounded.
Blork the orc hits you with a +0 glaive!!
You die...

#.# #.. ###....# #.#
..#....## ... #.#......
## #.#....# #......#
######......#
########+##......o.?..#
.............###@#....#
#.......................
#...............!######.
##.).........###.#
#...........# #...
#...........# ###...
#.....>.....# ##...
#...........# ..
#...........# .


You could see Blork the orc (fast, very poisoned).

Vanquished Creatures
  A vampire bat (D:3)
  An adder (D:3)
  6 dart slugs
  3 fire bats (D:3)
  11 orcs (D:3)
  2 spectral bats (D:3)
  13 bats
  3 bat skeletons (D:3)
  A bat zombie (D:3)
  3 endoplasms
  A giant cockroach (D:3)
  7 goblins
  4 hobgoblins (D:3)
  4 jackals (D:1)
  4 quokkas
  5 ball pythons
  A bat simulacrum (D:3)
  3 frilled lizards
  7 kobolds
  2 rats
82 creatures vanquished.

Notes
Turn   | Place    | Note
-------+----------+-------------------------------------------
     0 | D:1      | porkupine the Naga Venom Mage began the quest for the Orb.
     0 | D:1      | Reached XP level 1. HP: 15/15 MP: 3/3
    34 | D:1      | Reached XP level 2. HP: 16/22 MP: 0/5
   330 | D:1      | Learned a level 2 spell: Poisonous Vapours
   484 | D:1      | Reached XP level 3. HP: 23/28 MP: 1/6
  1191 | D:2      | Found a faded altar of an unknown god.
  1195 | D:2      | Prayed at the altar of an unknown god.
  1195 | D:2      | Became a worshipper of Makhleb the Destroyer
  1195 | D:2      | Reached * piety under Makhleb
  1208 | D:2      | Learned a level 2 spell: Static Discharge
  1593 | D:3      | Reached XP level 4. HP: 36/37 MP: 0/7
  1597 | D:3      | Learned a level 3 spell: Mephitic Cloud
  1976 | D:3      | Reached skill level 1 in Conjurations
  1976 | D:3      | Reached skill level 1 in Air Magic
  1976 | D:3      | Reached XP level 5. HP: 41/43 MP: 0/9
  2064 | D:3      | Reached skill level 1 in Maces & Flails
  2088 | D:3      | Reached skill level 1 in Fighting
  2109 | D:3      | Reached skill level 5 in Poison Magic
  2404 | D:3      | Reached ** piety under Makhleb
  2917 | D:4      | Noticed Blork the orc
  2925 | D:4      | HP: 1/42 [constriction (2)]
  2928 | D:4      | Demolished by Blork the orc

Illustrated notes

Levels and vault maps discovered:
D:1:      minmay_arrival_shoal_huts, layout_loops_cross
D:2:      layout_loops_ring, ebering_ecumenical_altar_rust
D:3:      layout_loops_ring, goddamned_bats
D:4:      layout_basic, wad_floor_pattern_untrapped, uniq_blork_the_orc

Skill      XL: |  1  2  3  4  5 |
---------------+----------------+-----
Dodging        | 2 |  2.4
Conjurations   | 1 |  1.7
Air Magic      | 1 |  1.6
Maces & Flails | 1 |  1.1
Fighting       | 1 |  1.2
Poison Magic   | 5 |  5.1
Ranged Weapons | |  0.9
Stealth        | |  3.0
Spellcasting   | |  2.9
Transmutations | |  1.0

Action                     |  1- 3 |  4- 6 || total
---------------------------+-------+-------++-------
  Melee: Unarmed           |     6 |       ||     6
         Morningstar       |       |    21 ||    21
         Flail             |       |     4 ||     4
   Fire: Sling             |    26 |    33 ||    59
   Cast: Sting             |    16 |    13 ||    29
         Poisonous Vapours |     9 |     1 ||    10
         Static Discharge  |       |     7 ||     7
Ability: Spit Poison       |    25 |    17 ||    42
    Use: Potion            |     1 |     2 ||     3
         Scroll            |    10 |     1 ||    11
 Armour: Robe              |     6 |    41 ||    47
  Dodge: Dodged            |    17 |    47 ||    64
